Map: Flashback EE

Players

Bmoney

  • Race: Terran Terran
  • Spawn Location: 11:00

Khalioz

  • Race: Protoss Protoss
  • Spawn Location: 11:00

GoBaja

  • Race: Protoss Protoss
  • Spawn Location: 9:00

TATORREA - Winner!

  • Race: Protoss Protoss
  • League: Gold
  • Spawn Location: 7:00

tigro - Winner!

  • Race: Terran Terran
  • League: Bronze
  • Spawn Location: 7:00

MrFercho - Winner!

  • Race: Zerg Zerg
  • League: Silver
  • Spawn Location: 7:00

VOD

Have the link to the VOD?

Description

Time

  • Played on: July 2, 2020, 10:52 p.m.
  • Length: 15:20
Show
View Real Time Build Order
Export as new Build Order

Bmoney Terran 

Build Orders: Liberator Opening 

Get SALT Encoding   

  12  0:01  SCV  
  13  0:13  SCV  
  14  0:20  Supply Depot  
  14  0:25  SCV  
  15  0:42  SCV  
  16  0:44  Barracks  
  16  0:52  Refinery  
  16  0:54  SCV  
  17  1:06  SCV  
  18  1:18  SCV  
  19  1:31  Orbital Command  
  19  1:33  Marine  
  20  1:58  SCV  
  20  1:59  Marine  
  20  2:00  Command Center  
  22  2:11  Factory  
  22  2:16  SCV  
  22  2:17  Refinery  
  23  2:24  Supply Depot  
  23  2:45  Marine  
  23  2:46  SCV  
  25  2:58  SCV  
  26  2:59  Factory Tech Lab  
  26  3:04  Starport  
  26  3:09  Marine  
  26  3:10  SCV  
  28  3:20  Cyclone  
  28  3:24  Orbital Command  
  31  3:28  SCV  
  31  3:29  Marine  
  33  3:41  Liberator  
  33  3:45  SCV  
  37  3:49  Barracks Reactor  
  37  3:51  Supply Depot  
  37  3:55  Engineering Bay  
  37  3:58  Widow Mine  
  37  4:01  SCV x2  
  41  4:13  SCV  
  42  4:18  SCV  
  42  4:19  Barracks  
  43  4:25  Barracks  
  44  4:31  SCV x2  
  45  4:39  Marine x2  
  45  4:42  Medivac  
  45  4:44  SCV x2  
  51  4:47  Factory Tech Lab  
  51  4:50  Supply Depot  
  51  5:06  SCV x2  
  53  5:08  Marine  
  53  5:12  Marine  
  55  5:16  Stimpack  
  55  5:18  Factory Reactor  
  55  5:27  SCV x2  
  57  5:33  Refinery  
  57  5:34  Refinery  
  57  5:36  Combat Shield  
  57  5:38  Marauder x2, Marine  
  62  5:44  Supply Depot x2  
  62  5:49  Missile Turret  
  62  6:05  SCV x2, Marine  
  65  6:16  Factory Tech Lab  
  65  6:17  SCV  
  66  6:20  Supply Depot  
  66  6:22  SCV  
  67  6:27  Supply Depot  
  67  6:28  Terran Infantry Weapons Level 1  
  67  6:31  SCV  
  68  6:36  Siege Tank  
  68  6:38  Marauder x2, Marine x2  
  77  6:44  Armory, SCV  
  77  6:45  SCV  
  77  6:46  Engineering Bay  
  79  6:55  Marine  
  79  7:00  SCV x2  
  84  7:08  Marauder, Marine, Siege Tank  
  84  7:09  Concussive Shells, Marauder  
  84  7:13  Marine, Terran Infantry Armor Level 1  
  91  7:19  Supply Depot  
  91  7:20  Missile Turret  
  91  7:21  Supply Depot  
  91  7:29  Command Center  
  91  7:33  Barracks  
  91  7:34  Terran Vehicle Weapons Level 1  
  91  7:35  Barracks  
  91  7:36  Medivac  
  93  7:40  Medivac  
  95  7:55  SCV  
  95  7:56  SCV  
  97  8:15  Supply Depot  
  97  8:19  Missile Turret, Siege Tank  
  100  8:20  Marine  
  100  8:21  Marine  
  100  8:22  Medivac x2, Marauder x2  
  100  8:23  Barracks Tech Lab  
  100  8:24  Barracks Tech Lab  
  110  8:34  Supply Depot  
  110  8:36  Terran Infantry Weapons Level 2  
  110  8:37  SCV x2  
  110  8:38  Supply Depot  
  112  8:41  Supply Depot  
  112  8:43  Marauder  
  112  8:44  Missile Turret  
  112  8:46  Missile Turret  
  114  8:55  SCV x2  
  116  8:58  Siege Tank  
  116  9:02  Medivac x2  
  123  9:04  Marauder x2  
  123  9:05  Marauder x2  
  131  9:20  Supply Depot  
  131  9:25  Marine  
  131  9:26  Marauder x3  
  131  9:27  Planetary Fortress  
  131  9:30  Refinery  
  138  9:33  Refinery  
  138  9:41  SCV x2  
  138  9:43  Terran Vehicle Weapons Level 2  
  140  9:53  Supply Depot  
  140  9:54  Terran Infantry Armor Level 2  
  138  10:14  SCV x2  
  138  10:15  Medivac x2  
  138  10:20  Command Center  
  143  10:26  Missile Turret  
  143  10:29  Missile Turret  
  143  10:35  Missile Turret  
  143  10:48  SCV x2  
  145  10:50  Siege Tank  
  145  10:51  Medivac x2, Marine  
  145  10:52  Marine x3  
  145  10:53  Marauder x2  
  160  11:10  Marauder x2  
  160  11:14  Marauder  
  160  11:17  Marauder, Marine x2  
  166  11:21  Medivac x2  
  166  11:22  Siege Tank  
  173  11:31  Marine  
  173  11:32  Marauder  
  173  11:39  SCV x2  
  174  11:41  Marauder x2, Marine x2  
  180  11:49  Marauder  
  180  11:51  Sensor Tower  
  180  11:53  Marauder  
  184  11:56  Planetary Fortress  
  184  11:59  Refinery  
  184  12:04  Sensor Tower  
  184  12:06  SCV x2  
  186  12:10  Missile Turret  
  186  12:11  Refinery  
  186  12:26  SCV  
  186  12:27  SCV  
  155  13:09  Marine x6  
  156  13:26  Marine  
  156  13:27  Marine x3  
  156  13:28  SCV x2  
  156  13:30  Widow Mine  
  156  13:31  Medivac x2  
  156  13:32  Marine  
  156  13:33  Marauder  
  148  13:45  Marauder  
  123  13:51  Siege Tank  
  104  13:55  SCV x2  
  106  14:03  Marauder x3, Marine x2  
  106  14:07  Marauder  
  116  14:15  SCV x2  
  118  14:21  Missile Turret  
  113  14:47  SCV x2, Marine x3  
  113  14:48  Marine x3  
  113  14:50  Widow Mine  
Show
View Real Time Build Order
Export as new Build Order

Khalioz Protoss 

Build Orders: Double Forge 

Get SALT Encoding   

  12  0:12  Pylon  
  12  0:17  Probe  
  13  0:30  Probe  
  14  0:36  Gateway  
  14  0:42  Probe  
  15  0:54  Probe  
  16  0:58  Assimilator  
  16  1:12  Pylon  
  16  1:13  Probe  
  17  1:24  Cybernetics Core  
  17  1:25  Probe  
  18  1:31  Zealot  
  18  1:32  Warp Gate  
  20  1:37  Probe  
  21  1:41  Assimilator  
  21  1:57  Probe  
  22  2:04  Nexus  
  22  2:14  Stalker  
  24  2:19  Probe  
  25  2:29  Pylon  
  25  2:31  Probe  
  26  2:47  Gateway x2  
  26  2:59  Gateway  
  26  3:07  Probe  
  27  3:16  Pylon  
  27  3:18  Probe  
  28  3:20  Probe  
  29  3:30  Probe  
  29  3:32  Probe  
  31  3:38  Robotics Facility  
  31  3:51  Pylon  
  31  3:53  Probe  
  31  3:54  Probe, Assimilator  
  33  3:59  Assimilator  
  33  4:06  Stalker  
  33  4:07  Stalker  
  37  4:16  Probe  
  37  4:17  Probe  
  39  4:26  Observer  
  39  4:29  Probe x2  
  42  4:41  Probe x2  
  42  4:45  Forge  
  44  4:47  Forge  
  44  4:48  Pylon  
  44  4:51  Observer  
  45  4:57  Stalker x2  
  49  5:01  Stalker, Protoss Ground Weapons Level 1  
  49  5:02  Protoss Ground Armor Level 1  
  49  5:05  Probe x2  
  53  5:17  Probe x2  
  55  5:29  Probe  
  56  5:37  Immortal  
  56  5:41  Probe x2  
  62  5:53  Probe  
  63  6:00  Nexus  
  63  6:02  Pylon  
  63  6:03  Probe  
  64  6:05  Probe  
  65  6:18  Probe x2  
  67  6:23  Robotics Bay  
  67  6:34  Pylon  
  67  6:37  Pylon  
  67  6:44  Twilight Council  
  67  6:50  Probe x2  
  69  6:54  Stalker x4  
  77  7:02  Probe, Protoss Ground Weapons Level 2, Protoss Ground Armor Level 2  
  77  7:03  Immortal, Assimilator  
  77  7:08  Assimilator  
  82  7:12  Probe x2  
  82  7:14  Probe  
  85  7:17  Charge  
  85  7:45  Pylon  
  85  7:47  Pylon  
  85  7:48  Extended Thermal Lance  
  85  7:50  Pylon  
  85  8:00  Colossus  
  91  8:14  Probe x2  
  91  8:15  Probe  
  94  8:26  Probe x2  
  96  8:27  Gateway  
  96  8:28  Gateway  
  96  8:31  Pylon, Gateway  
  96  8:34  Pylon  
  96  8:36  Gateway x2  
  96  8:43  Stalker x4  
  104  9:06  Colossus  
  110  9:16  Protoss Ground Armor Level 3, Protoss Ground Weapons Level 3  
  110  9:26  Stalker x5, Blink  
  110  9:27  Stalker x2  
  124  9:43  Gravitic Boosters  
  124  9:56  Pylon x2  
  124  9:58  Pylon  
  124  10:01  Photon Cannon  
  124  10:10  Photon Cannon  
  124  10:13  Photon Cannon  
  124  10:20  Photon Cannon  
  124  10:22  Photon Cannon  
  124  10:25  Stalker x7  
  124  10:26  Stalker  
  140  11:03  Stalker  
  140  11:04  Stalker x6  
  146  11:05  Stalker x2  
  146  11:08  Colossus  
  153  11:49  Stalker x7  
  153  11:50  Protoss Shields Level 1, Stalker x2  
  171  12:11  Pylon  
  171  12:12  Pylon  
  171  12:13  Pylon  
  171  12:14  Pylon  
  171  12:20  Pylon  
  171  12:21  Pylon  
  171  12:23  Pylon  
  171  12:28  Colossus  
  177  13:03  Stalker x6  
  177  13:04  Stalker  
  191  13:08  Nexus  
  191  13:09  Pylon  
  191  13:10  Pylon  
  191  13:12  Pylon  
  191  13:15  Assimilator  
  191  13:19  Assimilator  
  191  14:00  Zealot x4  
Show
View Real Time Build Order
Export as new Build Order

GoBaja Protoss 

Build Orders:  

Get SALT Encoding   

  12  0:02  Probe  
  13  0:14  Pylon  
  13  0:18  Probe  
  14  0:30  Probe  
  15  0:37  Gateway  
  15  0:42  Probe  
  16  0:46  Assimilator  
  16  0:54  Probe  
  17  1:06  Probe  
  18  1:18  Probe  
  19  1:20  Assimilator  
  19  1:26  Cybernetics Core  
  19  1:30  Probe  
  20  1:42  Probe  
  21  1:53  Pylon  
  21  1:54  Probe  
  22  2:05  Nexus  
  22  2:06  Probe  
  23  2:20  Stargate  
  23  2:25  Forge  
  23  2:32  Probe  
  24  2:40  Probe  
  25  2:48  Probe  
  26  2:59  Probe, Protoss Air Weapons Level 1  
  26  3:01  Assimilator  
  26  3:02  Pylon  
  27  3:07  Assimilator  
  27  3:11  Probe  
  28  3:20  Probe  
  28  3:23  Probe  
  30  3:33  Probe  
  31  3:40  Probe, Void Ray  
  32  3:45  Probe  
  37  3:52  Probe  
  38  3:57  Probe  
  39  4:05  Fleet Beacon  
  39  4:07  Pylon  
  39  4:10  Probe x2  
  39  4:15  Protoss Shields Level 1  
  41  4:18  Probe x2  
  43  4:27  Probe x2  
  43  4:30  Void Ray  
  49  4:43  Probe  
  50  4:55  Protoss Air Armor Level 1  
  50  4:58  Probe  
  51  5:08  Probe  
  51  5:11  Probe  
  53  5:14  Void Ray  
  53  5:16  Stargate  
  53  5:20  Probe  
  54  5:21  Stargate  
  58  5:36  Nexus  
  58  5:41  Assimilator  
  58  5:45  Assimilator  
  58  5:48  Pylon  
  58  5:53  Pylon, Flux Vanes  
  58  6:06  Void Ray  
  58  6:08  Tempest  
  67  6:14  Pylon  
  67  6:16  Pylon  
  67  6:20  Pylon  
  67  6:22  Pylon  
  67  6:38  Stargate  
  67  6:39  Protoss Ground Armor Level 1  
  67  7:01  Tempest x3  
  72  7:08  Probe  
  83  7:19  Probe  
  84  7:24  Photon Cannon  
  84  7:27  Probe, Photon Cannon  
  84  7:32  Photon Cannon  
  84  7:33  Protoss Air Armor Level 2  
  84  7:34  Probe  
  84  7:35  Probe x2, Photon Cannon  
  87  7:43  Tempest  
  87  7:44  Tempest  
  98  7:46  Probe  
  98  7:50  Pylon  
  100  7:58  Probe  
  100  8:13  Tempest x2  
  110  8:24  Probe  
  111  8:33  Stargate  
  111  8:36  Probe, Pylon  
  111  8:40  Pylon  
  112  8:42  Tempest  
  112  8:44  Tempest  
  122  8:53  Photon Cannon  
  122  8:55  Photon Cannon  
  122  8:58  Photon Cannon  
  122  9:01  Photon Cannon  
  122  9:06  Tempest x2  
  132  9:26  Pylon  
  132  9:29  Pylon  
  132  9:33  Pylon  
  132  9:37  Pylon  
  132  9:39  Tempest x3  
  147  10:03  Tempest  
  152  10:17  Nexus  
  152  10:19  Assimilator  
  152  10:23  Assimilator  
  152  10:26  Pylon  
  152  10:30  Pylon  
  134  11:52  Tempest  
  134  11:53  Tempest x4  
  159  12:02  Assimilator  
  159  12:10  Nexus  
  159  12:35  Tempest x2  
  159  12:36  Tempest x2  
  179  12:53  Tempest  
  175  13:18  Tempest  
  180  13:21  Tempest  
  185  13:35  Probe  
  186  13:47  Probe  
  187  13:59  Probe  
  188  14:11  Probe  
Show
View Real Time Build Order
Export as new Build Order

TATORREA Protoss - Winner!

Build Orders:  

Get SALT Encoding   

  12  0:07  Probe  
  13  0:19  Probe  
  14  0:31  Probe  
  14  0:33  Pylon  
  15  0:40  Assimilator  
  15  0:51  Probe  
  15  0:54  Gateway  
  16  1:03  Probe  
  17  1:11  Probe  
  18  1:20  Probe  
  19  1:28  Probe  
  20  1:36  Probe, Pylon  
  20  1:40  Assimilator  
  20  1:45  Cybernetics Core  
  21  1:54  Probe  
  21  2:17  Probe, Nexus  
  21  2:20  Pylon  
  22  2:29  Probe  
  23  2:35  Warp Gate  
  23  2:37  Stalker  
  23  2:42  Probe  
  26  2:48  Robotics Facility  
  26  2:54  Probe  
  27  2:59  Pylon  
  27  3:07  Probe, Stalker  
  30  3:20  Probe, Gateway  
  31  3:30  Probe  
  32  3:37  Sentry, Observer  
  35  3:41  Probe  
  35  3:46  Probe  
  37  3:54  Probe  
  38  3:58  Probe  
  38  3:59  Immortal  
  43  4:06  Probe, Forge  
  44  4:11  Probe  
  45  4:20  Probe  
  45  4:22  Gateway  
  46  4:25  Stalker  
  46  4:27  Stalker  
  46  4:28  Probe  
  51  4:34  Probe  
  52  4:39  Assimilator  
  52  4:40  Probe  
  52  4:43  Assimilator  
  53  4:46  Probe  
  53  4:50  Stalker x2  
  58  4:53  Probe  
  59  5:54  Stalker  
  59  5:56  Probe  
  62  6:04  Pylon x2  
  62  6:07  Pylon  
  62  6:11  Pylon  
  62  6:20  Photon Cannon  
  62  6:22  Probe, Immortal, Photon Cannon  
  62  6:25  Photon Cannon x2  
  67  6:27  Shield Battery, Nexus  
  67  6:28  Photon Cannon  
  67  6:29  Shield Battery  
  67  6:30  Pylon, Observer  
  67  6:34  Pylon  
  67  6:35  Stalker x2  
  67  6:36  Stalker  
  73  6:47  Stargate  
  73  6:50  Stargate  
  73  6:53  Stargate  
  73  7:05  Probe x2  
  75  7:17  Probe x2  
  77  7:30  Probe x2  
  77  7:36  Stalker x2  
  83  7:38  Stalker  
  83  7:40  Probe  
  83  7:42  Probe x2  
  88  7:45  Phoenix x3  
  94  7:52  Probe  
  95  8:00  Pylon  
  95  8:03  Pylon  
  95  8:06  Pylon  
  95  8:12  Pylon  
  95  8:15  Probe x2  
  95  8:16  Probe, Fleet Beacon  
  98  8:22  Assimilator  
  98  8:26  Assimilator  
  98  8:27  Probe  
  98  8:28  Probe x2  
  101  8:42  Probe x3  
  103  8:53  Stalker  
  103  8:54  Probe x3, Stalker x2  
  112  9:01  Anion Pulse-Crystals  
  112  9:02  Phoenix x3  
  118  9:07  Nexus  
  118  9:11  Pylon  
  118  9:13  Pylon  
  118  9:30  Probe x3  
  121  9:33  Stalker x2  
  121  9:34  Stalker  
  121  9:37  Pylon  
  127  9:38  Phoenix  
  127  9:39  Phoenix x2  
  127  9:42  Pylon  
  127  9:43  Pylon  
  133  10:08  Probe x2  
  133  10:09  Probe  
  136  10:21  Probe  
  136  10:22  Probe x3  
  136  10:25  Nexus  
  136  10:26  Flux Vanes  
  136  10:27  Phoenix x3  
  146  10:29  Pylon  
  146  10:32  Assimilator  
  146  10:34  Protoss Air Weapons Level 1, Pylon  
  146  10:40  Assimilator  
  146  10:45  Stalker  
  146  10:46  Stalker x2  
  152  10:52  Probe x4, Phoenix x3  
  162  10:58  Gateway  
  162  11:01  Gateway  
  162  11:03  Gateway  
  162  11:04  Probe x2  
  162  11:05  Probe, Gateway  
  162  11:07  Gateway  
  162  11:09  Gateway  
  165  11:24  Stalker  
  165  11:25  Stalker x2  
  171  11:28  Phoenix x3  
  171  11:29  Assimilator  
  171  11:30  Assimilator  
  177  11:36  Protoss Ground Weapons Level 1  
  177  11:47  Forge x2  
  177  11:51  Twilight Council  
  177  11:52  Stalker  
  179  11:55  Stalker x3  
  179  12:01  Stalker x3  
  191  12:14  Gateway  
  191  12:15  Gateway  
  191  12:20  Gateway  
  191  12:21  Gateway  
  191  12:24  Gateway  
  191  12:26  Stalker  
  191  12:27  Stalker x3  
  85  13:16  Phoenix x3  
  81  13:20  Stalker x3  
  81  13:21  Stalker x4  
  81  13:22  Stalker x2  
  67  13:40  Phoenix  
  67  13:41  Phoenix x2  
  68  14:05  Phoenix  
  68  14:06  Phoenix x2  
  74  14:30  Phoenix  
  74  14:31  Phoenix x2  
  78  14:44  Stalker x2  
  78  14:45  Stalker x3  
Show
View Real Time Build Order
Export as new Build Order

tigro Terran - Winner!

Build Orders:  

Get SALT Encoding   

  12  0:03  SCV  
  13  0:15  SCV  
  14  0:28  SCV  
  15  0:34  Supply Depot  
  15  0:37  Refinery  
  15  0:56  SCV  
  16  0:59  Barracks  
  16  1:04  Supply Depot  
  16  1:14  SCV, Refinery  
  17  1:26  SCV  
  18  1:38  SCV  
  19  1:48  Marine  
  19  1:50  SCV  
  21  2:02  SCV  
  21  2:05  Marine  
  23  2:11  Barracks  
  23  2:23  Marine  
  23  2:24  SCV  
  25  2:36  SCV  
  26  2:41  Marine  
  27  2:48  SCV  
  27  2:59  Marine  
  28  3:06  Orbital Command  
  28  3:20  Command Center  
  28  3:26  Barracks Tech Lab  
  28  3:29  Barracks Reactor  
  28  3:44  Engineering Bay  
  28  3:58  Factory  
  28  4:00  Combat Shield  
  28  4:24  Marine x3  
  28  4:30  Terran Infantry Weapons Level 1  
  31  4:34  Refinery  
  31  4:35  SCV  
  32  4:40  SCV  
  32  4:42  Marine x3  
  36  4:47  SCV  
  36  4:49  Factory Tech Lab  
  37  5:00  Marine x3  
  40  5:11  Missile Turret  
  34  5:17  Marine  
  34  5:18  Marine x2  
  34  5:19  Stimpack  
  33  5:31  Missile Turret  
  33  5:35  Marine  
  33  5:42  SCV  
  35  5:46  SCV  
  36  5:52  Missile Turret  
  36  5:54  SCV  
  37  5:58  SCV  
  38  6:06  SCV  
  38  6:11  SCV  
  40  6:13  Missile Turret  
  40  6:18  SCV  
  41  6:23  SCV  
  42  6:30  SCV  
  43  6:35  SCV  
  43  6:37  Missile Turret  
  43  6:38  Siege Tank  
  47  6:42  SCV  
  48  6:54  SCV  
  48  6:58  Missile Turret  
  48  7:01  Refinery  
  49  7:06  SCV  
  50  7:20  Missile Turret  
  50  7:36  SCV  
  51  7:40  Missile Turret  
  51  7:48  SCV  
  52  7:53  SCV  
  53  8:00  SCV  
  54  8:12  SCV  
  55  8:18  Starport  
  55  8:24  SCV  
  56  8:34  Marine x3  
  56  8:37  Terran Infantry Armor Level 1  
  59  8:49  Planetary Fortress  
  59  8:52  Marine x3  
  62  8:59  Starport Tech Lab  
  62  9:13  Supply Depot  
  62  9:33  Missile Turret  
  62  9:34  Marine x3  
  62  9:35  Medivac  
  62  9:36  Supply Depot  
  67  9:52  Marine x3  
  67  9:54  Missile Turret  
  70  10:10  Marine  
  71  10:15  Fusion Core  
  71  10:20  Missile Turret  
  71  10:31  Neosteel Armor  
  71  10:33  Marine x3  
  74  10:42  Missile Turret  
  74  10:51  Marine x3  
  77  11:02  Missile Turret  
  77  11:04  Armory  
  71  11:09  Marine x3  
  49  11:26  Marine  
  49  11:27  Marine x2  
  49  11:29  Missile Turret  
  52  11:40  Weapon Refit  
  52  11:44  Marine  
  52  11:45  Marine x2  
  55  12:00  Medivac  
  57  12:02  Marine x3  
  60  12:11  Hi-Sec Auto Tracking  
  60  12:12  Missile Turret  
  60  12:20  Marine x3  
  63  12:23  Missile Turret  
  63  12:30  Medivac  
  65  12:38  Marine  
  65  12:39  Terran Vehicle Weapons Level 1  
  66  12:45  Missile Turret  
  72  13:05  Battlecruiser  
  72  13:06  Missile Turret  
  72  13:07  Missile Turret  
  72  13:09  Marine  
  72  13:10  Marine x2  
  75  13:27  Marine  
  75  13:28  Marine x2  
  75  13:29  Missile Turret  
  78  13:35  Missile Turret  
  78  13:45  Marine x3  
  81  13:51  Missile Turret  
  63  13:57  Missile Turret  
  59  14:03  Marine x3  
  65  14:10  Battlecruiser  
  65  14:12  Missile Turret  
  65  14:21  Marine x3  
  68  14:34  Missile Turret  
  68  14:39  Marine x3  
  64  14:56  Marine  
  64  14:57  Marine x2  
Show
View Real Time Build Order
Export as new Build Order

MrFercho Zerg - Winner!

Build Orders: Hatch First, Lurkers 

Get SALT Encoding   

  12  0:01  Drone  
  13  0:14  Overlord  
  13  0:18  Drone  
  14  0:32  Drone x2  
  16  0:41  Drone  
  17  0:58  Drone  
  17  1:00  Drone  
  17  1:02  Hatchery  
  18  1:15  Spawning Pool  
  18  1:18  Drone  
  18  1:21  Drone  
  19  1:27  Extractor  
  19  1:30  Drone  
  19  1:40  Drone  
  20  1:54  Drone  
  21  2:03  Drone  
  22  2:14  Queen x2  
  22  2:15  Overlord x2  
  26  2:23  Drone  
  26  2:25  Drone  
  28  2:37  Drone x2  
  30  2:39  Roach Warren  
  29  2:47  Drone x2  
  29  2:48  Evolution Chamber  
  30  2:52  Queen  
  30  2:58  Lair  
  32  3:00  Drone  
  32  3:03  Drone  
  34  3:10  Drone x2  
  36  3:15  Zerg Missile Weapons Level 1  
  36  3:18  Drone  
  36  3:19  Drone  
  38  3:26  Drone x3  
  41  3:27  Drone  
  41  3:31  Overlord  
  42  3:55  Drone x5  
  47  4:02  Hatchery  
  46  4:06  Roach x3  
  46  4:09  Overlord  
  52  4:10  Overlord  
  52  4:28  Roach x4  
  52  4:29  Overlord  
  52  4:30  Overlord  
  60  4:35  Drone x2  
  62  4:38  Extractor  
  62  4:40  Extractor  
  60  4:51  Glial Reconstitution  
  60  4:54  Extractor  
  60  4:56  Drone  
  60  4:57  Drone x6  
  66  5:25  Spore Crawler  
  65  5:33  Spore Crawler  
  64  5:42  Drone x5  
  69  5:43  Drone x8  
  77  6:00  Hydralisk Den  
  77  6:04  Zerg Missile Weapons Level 2  
  76  6:06  Spore Crawler  
  75  6:12  Spore Crawler x3  
  75  6:15  Drone x3  
  75  6:16  Drone x2  
  75  6:17  Hatchery, Spore Crawler, Drone  
  75  6:18  Drone  
  77  6:21  Drone  
  77  6:23  Drone  
  79  6:26  Drone x3  
  79  6:30  Overlord x5, Extractor  
  79  6:31  Extractor  
  80  6:36  Grooved Spines  
  80  6:37  Overseer  
  80  6:38  Overseer  
  80  7:03  Drone x13  
  93  7:14  Hatchery  
  92  7:26  Drone  
  92  7:27  Spore Crawler x2, Drone x2  
  92  7:28  Spore Crawler  
  92  7:30  Spore Crawler  
  91  7:37  Pneumatized Carapace  
  91  7:46  Infestation Pit  
  91  7:47  Muscular Augments, Hydralisk x11  
  91  7:48  Lurker Den  
  111  7:53  Overlord x2  
  111  8:44  Hydralisk x9  
  111  8:45  Hydralisk x6  
  141  8:51  Drone  
  141  8:55  Overlord x4  
  142  8:56  Overlord x5  
  142  8:57  Overlord x2  
  142  9:03  Overseer  
  142  9:05  Hive  
  142  9:15  Hydralisk  
  142  9:16  Hydralisk x10  
  164  9:36  Drone x4  
  164  9:37  Drone x7  
  164  9:38  Drone x3  
  178  9:52  Overseer  
  175  10:04  Spore Crawler  
  175  10:05  Spore Crawler  
  169  10:08  Drone x8  
  169  10:09  Drone x5  
  169  10:10  Spore Crawler  
  181  10:15  Extractor  
  181  10:16  Extractor  
  179  10:23  Hatchery, Hydralisk x11  
  200  10:45  Adaptive Talons  
  200  10:50  Zerg Missile Weapons Level 3  
  200  11:07  Evolution Chamber  
  199  11:27  Spire  
  160  11:35  Spore Crawler  
  160  11:36  Spore Crawler, Zerg Ground Armor Level 1  
  160  11:37  Spore Crawler x2  
  160  11:39  Spore Crawler, Drone x5  
  112  11:42  Spore Crawler, Seismic Spines  
  109  11:52  Hydralisk x17  
  143  12:20  Hatchery  
  142  12:24  Spire  
  142  12:29  Extractor  
  140  12:31  Extractor  
  139  12:39  Greater Spire  
  135  12:57  Lurker x3  
  135  12:58  Lurker x4  
  104  13:46  Hydralisk  
  104  13:47  Hydralisk x25  
  104  13:48  Hydralisk  
  120  14:32  Corruptor  
  120  14:33  Corruptor x10  
  109  14:56  Spine Crawler x2  
  109  14:57  Spine Crawler  
  98  15:01  Spine Crawler  
  98  15:02  Zergling x16  
  98  15:03  Zergling x14  
  112  15:10  Baneling Nest  
Tags
 
Add a new tag
Caveats
  • Supply blocks, unpowered buildings, or Contaminate may cause inaccurate times.
  • Supply counts are checked every 10 seconds.